 Dungeon Crawl Stone Soup version 0.29-a0-919-gd064cfad1c (webtiles) character file.

Game seed: 11676152197620325382

3121 drugrobin the Cleaver (level 9, 0/70 HPs)
             Began as a Demigod Fighter on July 26, 2022.
             Slain by a wight
             ... wielding a +3 battleaxe of freezing
              (4 damage)
             ... on level 7 of the Dungeon.
             The game lasted 00:22:41 (9620 turns).

drugrobin the Cleaver (Demigod Fighter)             Turns: 9620, Time: 00:22:41

Health: 0/70       AC: 11    Str: 29    XL:     9   Next: 34%
Magic:  0/11       EV:  8    Int: 16    God:
Gold:   156        SH:  4    Dex: 13    Spells: 4/8 levels left

rFire   . . .      SeeInvis .   a - +0 war axe (freeze)
rCold   . . .      Faith    .   c - +0 buckler
rNeg    . . .      Spirit   +   z - +0 chain mail
rPois   .          Reflect  .   M - +0 helmet
rElec   .          Harm     .   (no cloak)
rCorr   .          Rampage  .   F - +0 pair of gloves
Will    .....                   (no boots)
Stlth   ..........              t - amulet of guardian spirit
HPRegen 0.21/turn               f - +6 ring of intelligence
MPRegen 0.12/turn               p - ring of flight

@: lethally poisoned (0 -> -1), flying
A: high MP 1, forlorn, divine attributes
a: no special abilities


You were on level 7 of the Dungeon.
You visited 2 branches of the dungeon, and saw 9 of its levels.
You also visited: Ossuary.

You collected 663 gold pieces.
You spent 507 gold pieces at shops.

Inventory:

Hand Weapons
 a - a +0 war axe of freezing (weapon)
 G - a +1 trident of flaming
Missiles
 u - 5 poisoned darts
 w - 5 silver javelins (quivered)
 y - 8 curare-tipped darts
 E - 4 boomerangs
Armour
 b - a +0 scale mail
 c - a +0 buckler (worn)
 z - a +0 chain mail (worn)
 F - a +0 pair of gloves (worn)
 H - a +0 kite shield
 M - a +0 helmet (worn)
Magical Staves
 L - a staff of cold
Jewellery
 f - a +6 ring of intelligence (left hand)
 p - a ring of flight (right hand)
 t - an amulet of guardian spirit (around neck)
Scrolls
 g - a scroll of summoning
 i - 2 scrolls of enchant armour
 k - 3 scrolls of blinking
 m - 4 scrolls of vulnerability
 n - 3 scrolls of immolation
 r - a scroll of poison
 v - a scroll of fog
 B - 2 scrolls of amnesia
 C - 5 scrolls of teleportation
 D - a scroll of identify
 I - 3 scrolls of magic mapping
 J - a scroll of enchant weapon
 K - a scroll of fear
Potions
 d - a potion of might
 e - 4 potions of attraction
 h - 10 potions of curing {unknown}
 j - 2 potions of lignification {unknown}
 l - 2 potions of invisibility {unknown}
 o - 2 potions of cancellation {unknown}
 q - a potion of magic {unknown}
 s - 4 potions of degeneration {unknown}
 x - 4 potions of heal wounds {unknown}
 A - 2 potions of flight {unknown}


   Skills:
 + Level 3.5 Fighting
 + Level 12.2 Axes
 - Level 2.6 Armour
 - Level 2.6 Shields


You had 4 spell levels left.
You knew the following spells:

 Your Spells              Type           Power      Damage    Failure   Level
a - Animate Dead          Necr           0%         N/A       100%        4

Your spell library contained the following spells:

 Spells                   Type           Power      Damage    Failure   Level
 Gell's Gravitas          Tloc           0%         N/A       99%         3
 Teleport Other           Tloc           0%         N/A       99%         3
 Borgnjor's Vile Clutch   Necr/Erth      0%         N/A       100%        5
 Death Channel            Necr           0%         N/A       100%        6
 Dispersal                Tloc           0%         N/A       100%        6


Dungeon Overview and Level Annotations

Branches:
Dungeon (8/15)             Temple (1/1) D:4         Ossuary (visited)
   Lair: D:8-11

Shops:
D:4 ?:   D:7 ?


Innate Abilities, Weirdness & Mutations

You have an increased reservoir of magic. (+10% MP)
You shall have no god before yourself.
Your divine heritage dramatically boosts your attributes as you level up.


Message History

The wight barely misses you.
Things that are here:
a +0 dagger; a +0 robe Unknown command.
You feel sick.
The orc shouts!
You hear a shout!
An orc wizard comes into view. It is wielding a +0 dagger.
The orc warrior shoots a bolt.
The bolt hits you but does no damage.
Unknown command.
The wight attacks as you move away! The wight barely misses you.
You feel sick.
The orc warrior shoots a bolt.
The bolt hits you.
You hear a shout! x2
There is a stone staircase leading up here.
Unknown command.
Unknown command.
Unknown command.
You feel sick.
The wight hits you with a +3 battleaxe of freezing.
The wight freezes you.
* * * LOW HITPOINT WARNING * * *
The orc warrior shoots a bolt.
The bolt hits you.
* * * LOW HITPOINT WARNING * * *
You fly upwards.
You feel sick.
There is a stone staircase leading down here.
Unknown command.
Unknown command.
Unknown command.
Press: ? - help, v - describe, . - travel, g - get item
Here: a wight, wielding a +3 battleaxe of freezing and wearing a +0 robe Item here: a +0 dagger.
The floor, spattered with blood.
Unknown command.
Unknown command.
Unknown command.
Unknown command.
You hit the wight but do no damage.
You feel sick.
The wight hits you with a +3 battleaxe of freezing!
* * * LOW HITPOINT WARNING * * *
The wight freezes you.
You die...

.....##..^........####...#......#
⌠....##)).........#.##..........#
##''##..<....#.......#...........
..........#..##..................
....))....##...................##
.....(..)................#....###
...............[..###....##..##..
........##.......###.....##..##.∩
.......###......@(##.....##..##..
....##...#.>.###)z##....####..###
....###.....####........## #...##
....####..##.##......##..###.....
......##.###.........##...####..)
.........###..###...........###..
....#....#...####...........#####
....###.....##................###
...###...#.###..###..#...........


You could see a wight.

Vanquished Creatures
  A wyvern (D:7)
  A steam dragon (D:7)
  An acid dragon (D:7)
  A sky beast (D:5)
  An ice beast (D:5)
  2 ogres (D:6)
  A centaur (D:4)
  2 phantoms
  2 kobold brigands
  2 bullfrogs
  A necrophage (D:6)
  4 scorpions
  3 gnoll sergeants (D:7)
  A wight (D:8)
  2 howler monkeys (D:7)
  3 orc priests
  10 hounds
  2 jellies
  A gnoll bouda (D:6)
  4 iguanas
  Jessica (D:2)
  6 orc wizards
  8 mummies (Ossuary)
  22 gnolls
  9 adders
  A white imp (D:7)
  A worm (D:3)
  4 dart slugs
  22 orcs
  5 endoplasms
  A giant cockroach (D:1)
  3 goblins
  11 hobgoblins
  7 jackals
  5 quokkas
  6 ball pythons
  2 bats
  A frilled lizard (D:1)
  2 hobgoblin zombies (Ossuary)
  12 kobolds
  2 kobold zombies (Ossuary)
  4 orc zombies (Ossuary)
  5 rats
185 creatures vanquished.

Notes
Turn   | Place    | Note
-------+----------+-------------------------------------------
     0 | D:1      | drugrobin the Demigod Fighter began the quest for the Orb.
     0 | D:1      | Reached XP level 1. HP: 18/18 MP: 3/3
    75 | D:1      | Reached skill level 2 in Axes
   317 | D:1      | Reached XP level 2. HP: 9/25 MP: 4/4
   891 | D:1      | Reached skill level 3 in Axes
  1225 | D:2      | Noticed Jessica
  1242 | D:2      | Killed Jessica
  1243 | D:2      | Reached XP level 3. HP: 13/30 MP: 5/5
  1663 | D:2      | Reached skill level 4 in Axes
  2192 | D:3      | Reached XP level 4. HP: 28/37 MP: 6/6
  3155 | D:4      | Reached skill level 5 in Axes
  3155 | D:4      | Reached XP level 5. HP: 42/42 MP: 7/7
  3391 | D:4      | Noticed a centaur
  3623 | D:4      | Killed a centaur
  3624 | D:4      | Reached skill level 6 in Axes
  3624 | D:4      | Reached XP level 6. HP: 38/50 MP: 5/8
  3791 | D:4      | Found Dauluj's Book Shoppe.
  3829 | D:4      | Found a staircase to the Ecumenical Temple.
  3838 | Temple   | Entered the Ecumenical Temple
  4340 | D:4      | Reached skill level 7 in Axes
  4547 | D:4      | Found Boavarch's Magic Scroll Shoppe.
  4555 | D:4      | Bought a scroll of blinking for 75 gold pieces
  4555 | D:4      | Bought a scroll of identify for 20 gold pieces
  4555 | D:4      | Bought a scroll of teleportation for 30 gold pieces
  4555 | D:4      | Bought a scroll of teleportation for 30 gold pieces
  4555 | D:4      | Bought a scroll of teleportation for 30 gold pieces
  4555 | D:4      | Bought a scroll of fear for 40 gold pieces
  4555 | D:4      | Bought a scroll of identify for 20 gold pieces
  4555 | D:4      | Bought a scroll of immolation for 40 gold pieces
  4733 | D:5      | Entered Level 5 of the Dungeon
  4742 | D:5      | Reached XP level 7. HP: 45/56 MP: 7/9
  4933 | D:5      | Found a sand-covered staircase.
  4939 | Ossuary  | Entered an ossuary
  5143 | Ossuary  | Reached skill level 8 in Axes
  6099 | D:5      | You are sucked into a shaft and drop 2 floors!
  6192 | D:7      | Reached skill level 9 in Axes
  6294 | D:7      | Reached XP level 8. HP: 44/62 MP: 6/10
  6326 | D:7      | Reached skill level 10 in Axes
  7127 | D:7      | Found Aqasie's Magic Scroll Emporium.
  7131 | D:7      | Bought a scroll of identify for 24 gold pieces
  7131 | D:7      | Bought a scroll of identify for 24 gold pieces
  7131 | D:7      | Bought a scroll of noise for 12 gold pieces
  7131 | D:7      | Bought a scroll of magic mapping for 90 gold pieces
  7131 | D:7      | Bought 3 scrolls of identify for 72 gold pieces
  7186 | D:7      | Reached skill level 11 in Axes
  7715 | D:6      | Reached XP level 9. HP: 68/68 MP: 11/11
  7744 | D:6      | Learned a level 4 spell: Animate Dead
  8698 | D:6      | Reached skill level 12 in Axes
  9620 | D:7      | Slain by a wight

Illustrated notes

Levels and vault maps discovered:
D:1:      matt_arrival_spirals, layout_basic, st_stairs_10, minmay_tromino_mix6
D:2:      layout_rooms, hellmonk_ecumenical_altar_lost_god,
          chequers_serial_rivers_room_a, kennysheep_jessica_study
D:3:      layout_loops_ring
D:4:      layout_cave_pools, lemuel_coloured_pillars_altar,
          nicolae_dithmenos_through_a_glass_darkly, minmay_temple_entry_glass,
          serial_shops, nicolae_square_shop, shop_statue
D:5:      nicolae_cairo_tiling, layout_basic, nicolae_ossuary_entry_plus,
          serial_curves, eino_curves_01, eino_curves_02
D:6:      layout_cave_pools, lightli_orcish_oven
D:7:      layout_cave_pools, serial_gnoll_camp, gnoll_camp_mini_hut,
          gnoll_camp_mini_shop, gnoll_camp_mini_doghouse, gnoll_camp_mini_house,
          gnoll_camp_mini_loothouse, gnoll_camp_mini_hut
D:8:      layout_basic, mainiacjoe_overflow_24_doors, serial_ice, serial_ice_a,
          serial_ice_n, serial_ice_d, serial_ice_c, nrook_pool_corridor,
          minmay_misc_feat_roman, grunt_ministairs_14
Temple:   nicolae_temple_superstar

Skill      XL: |  1  2  3  4  5  6  7  8  9 |
---------------+----------------------------+-----
Axes           | 2 3 4 5 6 7 9 11 12 | 12.2
Fighting       | 3 |  3.5
Armour         | |  2.6
Shields        | |  2.6

Action                   |  1- 3 |  4- 6 |  7- 9 || total
-------------------------+-------+-------+-------++-------
Melee: War axe           |   101 |   122 |   298 ||   521
Throw: Dart              |       |     5 |     8 ||    13
       Throwing net      |       |     1 |       ||     1
       Javelin           |       |     5 |    20 ||    25
  Use: Potion            |     1 |       |     1 ||     2
       Scroll            |       |     3 |     8 ||    11
Armor: Scale mail        |    42 |    28 |       ||    70
       Chain mail        |       |     8 |   139 ||   147
Dodge: Dodged            |    39 |    46 |   103 ||   188
Block: Buckler           |    22 |    20 |    48 ||    90

Table legend: (Time is in decaauts)
 A = Elapsed time spent in this place.
 B = Non-inter-level travel time spent in this place.
 C = Inter-level travel time spent in this place.
 D = Time resting spent in this place.
 E = Time spent auto-exploring this place.
 F = Levels seen in this place.
 G = Mean time per level.
                   A        B        C        D        E       F      G
               +--------+--------+--------+--------+--------+-----+--------+
         Total |   9731 |   9413 |    318 |   2344 |   4616 |  10 |  973.1 |
       Dungeon |   9054 |   8736 |    318 |   2020 |   4503 |   8 | 1131.8 |
        Temple |      1 |      1 |      0 |      0 |      0 |   1 |    1.0 |
       Ossuary |    675 |    675 |      0 |    324 |    113 |   1 |  675.0 |
               +--------+--------+--------+--------+--------+-----+--------+

Top non-repeatable levels by time:
     D:7: 1860 daAuts
     D:3: 1691 daAuts
     D:5: 1455 daAuts
     D:1: 1189 daAuts
     D:4: 1124 daAuts
     D:6: 910 daAuts
     D:2: 805 daAuts
 Ossuary: 675 daAuts
     D:8: 16 daAuts
  Temple: 1 daAuts
